 Dungeon Crawl Stone Soup version 0.21-a0-369-g397cdb2 (webtiles) character file.

70473 pkoi the Destroyer (level 14, 0/126 HPs)
             Began as a Black Draconian Conjurer on Oct 15, 2017.
             Was an Elder of Vehumet.
             Shot with an arrow by a centaur warrior (14 damage)
             ... on level 13 of the Dungeon on Oct 16, 2017.
             The game lasted 01:55:17 (40727 turns).

pkoi the Destroyer (Black Draconian Conjurer)      Turns: 40727, Time: 01:55:17

Health: 0/126      AC: 12    Str: 11    XL:     14   Next: 94%
Magic:  11/28      EV: 21    Int: 20    God:    Vehumet [****..]
Gold:   1119       SH:  3    Dex: 12    Spells: 14/33 levels left

rFire    + . .     SeeInvis .   b - staff of energy
rCold    + . .     Gourm    .   (no shield)
rNeg     . . .     Faith    .   (armour unavailable)
rPois    +         Spirit   .   (helmet restricted)
rElec    +         Reflect  +   D - scarf {rC+ rF+}
rCorr    .         Harm     .   m - +1 pair of gloves
MR       +....                  y - +1 pair of boots
Stlth    ++........             v - +3 amulet of reflection
HPRegen  0.31/turn              H - +5 ring of evasion
MPRegen  0.21/turn              r - ring of poison resistance

@: lethally poisoned (0 -> 0), about to teleport, flying, drained
A: breathe lightning, unfitting armour, big wings, blurry vision 1, robust 1,
electricity resistance, wild magic 1, cold-blooded, MP-powered wands, AC +8
a: Breathe Lightning, Stop Flying, Renounce Religion


You were on level 13 of the Dungeon.
You worshipped Vehumet.
Vehumet was greatly pleased with you.
You were not hungry.

You visited 5 branches of the dungeon, and saw 25 of its levels.

You collected 1119 gold pieces.

Inventory:

Hand Weapons
 a - the +4 falchion of Victory {protect, +Blink rElec}
   (You found it on level 6 of the Lair of Beasts)

   It protects the one who uses it against injury (+AC on strike).
   It insulates you from electricity.
   It lets you blink.
 Y - a +0 long sword
Armour
 m - a +1 pair of gloves (worn)
 y - a +1 pair of boots (worn)
 D - a scarf of resistance (worn)
Magical Staves
 b - an uncursed staff of energy (weapon)
Jewellery
 r - a ring of poison resistance (right hand)
 v - a +3 amulet of reflection (around neck)
 H - a +5 ring of evasion (left hand)
Wands
 u - a wand of flame (30/48)
 E - a wand of flame (19/48)
 G - a wand of iceblast (4/15)
 I - a wand of iceblast (2/15)
 K - a wand of disintegration (13/24)
 T - a wand of scattershot (5/9)
 U - a wand of confusion (31/48)
 V - a wand of paralysis (11/24)
 X - a wand of confusion (24/48)
Scrolls
 d - 5 scrolls of amnesia
 f - 6 scrolls of recharging
 g - 5 scrolls of remove curse
 l - 4 scrolls of magic mapping
 n - 9 scrolls of enchant weapon
 p - 6 scrolls of teleportation
 s - 5 scrolls of identify
 w - 5 scrolls of blinking
 x - 2 scrolls of fear
 B - 2 scrolls of fog
 P - a scroll of silence
 Q - a scroll of summoning
Potions
 h - a potion of berserk rage
 j - 3 potions of heal wounds
 q - 9 potions of curing
 t - 4 potions of flight
 A - 2 potions of brilliance
 C - a potion of agility
 L - a potion of magic
 N - a potion of ambrosia
 O - a potion of resistance
 R - a potion of haste
 W - 4 potions of might
Miscellaneous
 z - a lightning rod (4/4)
 M - a phantom mirror
Comestibles
 c - 17 bread rations
 i - 8 meat rations
 k - 9 royal jellies
 o - 12 chunks of flesh


   Skills:
 - Level 8.0(7.6) Fighting
 + Level 9.6(9.3) Long Blades
 - Level 0.1(0.0) Staves
 + Level 7.7(7.3) Dodging
 - Level 1.7(1.4) Stealth
 - Level 10.0(9.6) Spellcasting
 * Level 13.9(13.5) Conjurations
   Level 2.3(2.0) Hexes
 - Level 6.5(6.1) Summonings
 - Level 4.2(3.9) Translocations
 - Level 3.4(3.1) Ice Magic
 - Level 9.9(9.5) Air Magic
 - Level 8.6(8.2) Poison Magic


You had 14 spell levels left.
You knew the following spells:

 Your Spells              Type           Power        Failure   Level  Hunger
a - Magic Dart            Conj           ####         1%          1    None
b - Searing Ray           Conj           ######       1%          2    None
c - Poison Arrow          Conj/Pois      ######....   4%          6    None
d - Summon Small Mammal   Summ           ####         1%          1    None
e - Summon Lightning Spi  Summ/Air       ######..     4%          4    None
f - Blink                 Tloc           N/A          4%          2    None
g - Throw Frost           Conj/Ice       ######       1%          2    None
h - Apportation           Tloc           ####..       2%          1    None


Dungeon Overview and Level Annotations

Branches:
Dungeon (15/15)            Temple (1/1) D:4            Lair (6/6) D:10
 Shoals (1/4) Lair:3        Snake (2/4) Lair:4        Slime (0/5) Lair:5
    Orc (0/2) D:11
 Vaults: D:13-14     Depths: D:15

Altars:
Ashenzari
Cheibriados
Dithmenos
Elyvilon
Fedhas
Gozag
Hepliaklqana
Kikubaaqudgha
Makhleb
Nemelex Xobeh
Okawaru
Qazlal
Ru
Sif Muna
Trog
Uskayaw
Vehumet
Wu Jian
Xom
Yredelemnul
Zin
The Shining One

Shops:
D:7 ?   Snake:2 *

Annotations:
D:11 2 runed doors
D:13 Josephine, Maurice
D:14 1 transporter
Lair:5 exclusion: 3 oklob plants
Snake:2 Aizul


Innate Abilities, Weirdness & Mutations

You can breathe wild blasts of lightning.
Your glossy black scales are hard. (AC +8)
You cannot fit into any form of body armour.
Your large and strong wings let you fly indefinitely.
You are resistant to electric shocks. (rElec)
You are cold-blooded and may be slowed by cold attacks.
Scrolls take you a little longer to read.
You are robust. (+10% HP)
Your spells are a little harder to cast, but a little more powerful.
You expend magic power (3 MP) to strengthen your wands.


Message History

You feel sick.
The centaur warrior wields a glowing shortbow.
The centaur warrior shoots an arrow.
The arrow hits you!
* * * LOW HITPOINT WARNING * * *
The centaur shouts!
You see here an arrow.
You feel sick.
The centaur warrior hits you with an enchanted shortbow.
* * * LOW HITPOINT WARNING * * *
Really read with blurry vision while enemies are nearby?
The centaur wields a glowing shortbow.
The centaur shoots an arrow.
The arrow barely misses you.
You begin reading the scroll.
You continue reading the scroll.
The centaur warrior barely misses you.
The centaur shoots an arrow.
The arrow misses you.
The centaur warrior hits you but does no damage.
As you read the scroll of teleportation, it crumbles to dust.
You feel strangely unstable.
You feel sick.
The centaur warrior shoots an arrow.
The arrow hits you!
You die...

#..###'####..........
#..#:.)...#........##
####..#......#........#
#.....#......#..W.....#
#.....#......#..#######
#.....#......#..#
###.....#......#..#
#.....c.####'###..#
##......c(@(.......#
#...#'#####T#####..#
#...#....<#.#...#..#
#...#.....#.'...#..#
#...#.....#@#...#..# ####
#...#.....#.#...#..#####...
#...#.....#)#...#..........
#...##....#.#####..c.T..##'
#..).#....#......c......#..


You could see Josephine, a centaur warrior, a troll and a centaur.

Vanquished Creatures
  Nessos (D:13)
  A dire elephant (Lair:6)
  A naga warrior (Snake:2)
  Harold (Lair:4)
  A hydra (Lair:6)
  4 anacondas
  2 catoblepae
  A tengu warrior (D:13)
  2 death yaks (Lair:6)
  A deep troll shaman (Lair:6)
  4 naga sharpshooters
  A shock serpent (Snake:2)
  2 naga ritualists
  The ghost of Ruich the Unseen, a novice SpEn of Gozag (D:10)
  A shambling mangrove (Lair:5)
  The ghost of ShadedKnight the Basher, a novice GrSk of Makhleb (D:8)
  Pikel (D:7)
  5 harpies
  3 manticores
  4 ugly things
  A deep elf mage (D:15)
  6 mana vipers
  2 salamanders
  4 elephants
  4 naga magi
  10 black mambas
  4 gargoyles
  7 spiny frogs
  2 rime drakes
  9 komodo dragons
  A troll (D:9)
  A tengu conjurer (D:13)
  A queen bee (D:9)
  A polar bear (Lair:6)
  A hornet (D:9)
  16 blink frogs
  A dream sheep (Lair:6)
  6 hippogriffs
  6 wraiths
  3 hungry ghosts
  2 basilisks
  23 yaks
  Menkaure (D:7)
  2 soldier ants
  7 nagas
  An acid dragon (D:11)
  12 water moccasins
  11 porcupines
  3 ice beasts
  4 orc warriors
  3 sky beasts
  5 black bears
  3 phantoms
  A slave (D:6)
  6 wolves
  9 ogres
  A hornet zombie (D:14)
  A centaur (D:6)
  12 crocodiles
  3 big kobolds
  17 bullfrogs
  3 gnoll sergeants
  A water moccasin zombie (D:8)
  A scorpion (D:6)
  18 killer bees
  4 wights (D:11)
  3 electric eels
  3 howler monkeys
  11 crimson imps
  A centaur zombie (D:6)
  11 orc priests
  9 hounds
  6 jellies
  3 centaur skeletons
  10 orc wizards
  5 iguanas
  A bullfrog skeleton (D:12)
  2 hell rats (Lair:6)
  8 worker ants
  A killer bee zombie (D:5)
  A hound zombie (D:8)
  2 worker ant zombies
  16 gnolls
  A howler monkey skeleton (D:7)
  17 adders
  4 shadow imps
  An adder skeleton (D:4)
  2 worms
  3 dart slugs
  7 leopard geckos
  54 orcs
  8 bats
  5 giant cockroaches
  12 goblins
  20 hobgoblins
  11 jackals
  24 kobolds
  3 quokkas
  2 ball pythons (D:4)
  4 frilled lizards
  11 rats
560 creatures vanquished.

Vanquished Creatures (collateral kills)
  The ghost of micr0chasm the Spear-Bearer, a journeyman OpFi of Yredelemnul (Lair:5)
  3 hydras
  A catoblepas (Lair:4)
  2 naga sharpshooters (Snake:1)
  Urug (Lair:3)
  2 death yaks (Lair:6)
  Nergalle (Lair:3)
  A sea snake (Lair:3)
  2 harpies (Lair:3)
  5 oklob plants
  8 elephants
  A cyclops (D:11)
  A black mamba (Lair:5)
  A guardian serpent (Lair:4)
  A naga mage (Snake:1)
  A troll (D:11)
  5 dream sheep (Lair:6)
  5 blink frogs (Lair:6)
  A hippogriff (Shoals:1)
  A wraith (D:13)
  9 yaks
  A basilisk (Lair:6)
  A porcupine (Lair:4)
  An orc warrior (D:11)
  4 ogres
  5 wolves (Lair:6)
  A big kobold (D:12)
  A gnoll sergeant (D:11)
  A killer bee (D:13)
  2 hell rats (Lair:6)
  An orc wizard (D:12)
  A gnoll (D:11)
  6 orcs
  A kobold (D:12)
  4 fungi
  A plant (Lair:6)
84 creatures vanquished.

Vanquished Creatures (others)
  A crocodile (Lair:5)
  A bullfrog skeleton (D:12)
  12 fungi
  17 plants
31 creatures vanquished.

Grand Total: 675 creatures vanquished

Notes
Turn   | Place    | Note
-------+----------+-------------------------------------------
     0 | D:1      | pkoi the Draconian Conjurer began the quest for the Orb.
     0 | D:1      | Reached XP level 1. HP: 14/14 MP: 3/3
    81 | D:1      | Reached XP level 2. HP: 18/20 MP: 1/5
   127 | D:1      | Learned a level 2 spell: Searing Ray
   665 | D:2      | Reached XP level 3. HP: 16/26 MP: 6/6
   763 | D:2      | Learned a level 3 spell: Dazzling Spray
   826 | D:2      | Reached skill level 5 in Conjurations
  1012 | D:2      | Reached XP level 4. HP: 33/33 MP: 6/8
  1178 | D:2      | Found a shadowy altar of Dithmenos.
  1179 | D:2      | Found an ancient bone altar of Kikubaaqudgha.
  1179 | D:2      | Found a hazy altar of Hepliaklqana.
  1700 | D:3      | Reached skill level 1 in Hexes
  1830 | D:2      | Reached XP level 5. HP: 27/38 MP: 5/9
  2306 | D:3      | Found an ornate altar of the Wu Jian Council.
  2335 | D:3      | Reached skill level 6 in Conjurations
  2411 | D:3      | Reached XP level 6. HP: 41/45 MP: 1/11
  2702 | D:3      | Found a burning altar of Makhleb.
  3300 | D:4      | Gained mutation: Scrolls take you a little longer to read. [potion of mutation]
  3300 | D:4      | Gained mutation: Your spells are a little harder to cast, but a little more powerful. [potion of mutation]
  3300 | D:4      | Gained mutation: You expend magic power (3 MP) to strengthen your wands. [potion of mutation]
  3300 | D:4      | Gained mutation: You are robust. (+10% HP) [potion of mutation]
  3430 | D:4      | Noticed Menkaure
  3674 | D:4      | Found a staircase to the Ecumenical Temple.
  3686 | Temple   | Entered the Ecumenical Temple
  3874 | Temple   | Became a worshipper of Vehumet
  3928 | D:4      | Found a hide-covered altar of Uskayaw.
  3943 | D:4      | Learned a level 1 spell: Summon Small Mammal
  4097 | D:4      | Reached skill level 1 in Summonings
  4395 | D:5      | Entered Level 5 of the Dungeon
  4400 | D:5      | Your scales start taking on a glossy black colour.
  4400 | D:5      | Reached XP level 7. HP: 55/55 MP: 8/12
  4400 | D:5      | Gained mutation: You are resistant to electric shocks. (rElec) [Black Draconian growth]
  4473 | D:5      | Learned a level 4 spell: Summon Lightning Spire
  4553 | D:5      | Found a basalt altar of Yredelemnul.
  4925 | D:5      | Reached * piety under Vehumet
  4925 | D:5      | Offered knowledge of Shock by Vehumet.
  5025 | D:5      | Reached skill level 1 in Air Magic
  5052 | D:5      | Reached skill level 7 in Conjurations
  6556 | D:6      | Found a shimmering altar of Xom.
  6574 | D:6      | Found Soery's Elemental Accessories.
  6634 | D:6      | Offered knowledge of Sandblast by Vehumet.
  6634 | D:6      | Reached skill level 1 in Fighting
  6729 | D:6      | Reached ** piety under Vehumet
  6729 | D:6      | Reached XP level 8. HP: 64/64 MP: 11/14
  7421 | D:6      | Reached skill level 8 in Conjurations
  7723 | D:7      | Reached XP level 9. HP: 77/77 MP: 1/15
  7778 | D:7      | Killed Menkaure
  7884 | D:7      | Found Kitom's Magic Scroll Shop.
  7892 | D:7      | Reached skill level 5 in Air Magic
  8081 | D:7      | Offered knowledge of Throw Frost by Vehumet.
  8627 | D:7      | Noticed Pikel
  8845 | D:7      | Killed Pikel
  9084 | D:8      | Reached skill level 5 in Summonings
  9320 | D:8      | Found a bloodstained altar of Trog.
  9335 | D:8      | Reached *** piety under Vehumet
  9339 | D:8      | Learned a level 2 spell: Blink
  9368 | D:8      | Learned a level 2 spell: Throw Frost
  9433 | D:8      | Found a shattered altar of Ashenzari.
  9493 | D:8      | Reached skill level 5 in Fighting
  9519 | D:8      | Noticed ShadedKnight's ghost (novice GrSk)
 10139 | D:8      | Reached skill level 1 in Ice Magic
 10251 | D:8      | Reached XP level 10. HP: 74/89 MP: 8/16
 10381 | D:8      | Reached skill level 5 in Dodging
 10492 | D:9      | Offered knowledge of Static Discharge by Vehumet.
 10492 | D:9      | Reached skill level 9 in Conjurations
 10936 | D:9      | Paralysed by a hornet for 3 turns
 11243 | D:9      | Found a white marble altar of Elyvilon.
 11357 | D:9      | Reached **** piety under Vehumet
 12136 | D:9      | Found a snail-covered altar of Cheibriados.
 12338 | D:10     | Entered Level 10 of the Dungeon
 12477 | D:10     | Noticed a gargoyle
 12652 | D:9      | Offered knowledge of Yara's Violent Unravelling by Vehumet.
 12871 | D:10     | Noticed a gargoyle
 13182 | D:10     | Killed a gargoyle
 13329 | D:10     | Killed a gargoyle
 13394 | D:10     | Found a staircase to the Lair.
 13409 | D:10     | Noticed Ruich's ghost (novice SpEn)
 13503 | D:10     | Noticed a manticore
 13619 | D:10     | You fall through a shaft for 3 floors!
 13654 | D:13     | Noticed Maurice
 13697 | D:13     | Noticed a gargoyle
 13719 | D:13     | Noticed a manticore
 13724 | D:13     | Noticed a tengu warrior
 14020 | D:12     | Reached XP level 11. HP: 97/100 MP: 11/17
 14097 | D:12     | You fall through a shaft for 3 floors!
 14097 | D:15     | Entered Level 15 of the Dungeon
 14172 | D:15     | Noticed a deep elf mage
 14187 | D:15     | Killed a deep elf mage
 14360 | D:14     | Noticed a deep elf archer
 14395 | D:14     | Found a transporter.
 14541 | D:14     | Noticed a vault guard
 14816 | D:14     | Noticed a green ugly thing
 14816 | D:14     | Noticed a green ugly thing
 14817 | D:14     | Noticed a green ugly thing
 14843 | D:14     | Killed a green ugly thing
 14962 | D:13     | Noticed a red ugly thing
 14972 | D:13     | Killed a green ugly thing
 15648 | D:10     | Reached skill level 5 in Spellcasting
 16056 | D:10     | Reached skill level 10 in Conjurations
 16147 | D:10     | Reached ***** piety under Vehumet
 16192 | D:10     | Offered knowledge of Poison Arrow by Vehumet.
 16311 | D:10     | Reached skill level 1 in Long Blades
 16311 | D:10     | Reached skill level 1 in Translocations
 16774 | D:10     | Found a radiant altar of Vehumet.
 16862 | Lair:1   | Entered Level 1 of the Lair of Beasts
 17449 | Lair:1   | Learned a level 6 spell: Poison Arrow
 17575 | Lair:1   | Reached skill level 1 in Poison Magic
 18106 | Lair:1   | Noticed an oklob plant
 18106 | Lair:1   | Noticed an oklob plant
 18107 | Lair:1   | Noticed an oklob plant
 18107 | Lair:1   | Noticed an oklob plant
 18171 | Lair:1   | Killed an oklob plant
 18178 | Lair:1   | Killed an oklob plant
 18190 | Lair:1   | Killed an oklob plant
 18204 | Lair:1   | Killed an oklob plant
 18272 | Lair:1   | Reached XP level 12. HP: 93/110 MP: 9/20
 20406 | Lair:3   | Found a staircase to the Shoals.
 20465 | Lair:3   | Noticed Nergalle
 20491 | Lair:3   | Killed Nergalle
 20620 | Lair:3   | Reached skill level 11 in Conjurations
 21391 | Lair:4   | Noticed a catoblepas
 21401 | Lair:4   | Killed a catoblepas
 21470 | Lair:4   | Found a staircase to the Snake Pit.
 21480 | Lair:4   | Noticed Harold
 21509 | Lair:4   | Noticed a five-headed hydra
 22029 | Lair:4   | Noticed Urug
 22146 | Lair:4   | Learned a level 1 spell: Apportation
 22291 | Lair:3   | Killed Urug
 22404 | Lair:4   | Killed a five-headed hydra
 22404 | Lair:4   | Reached skill level 5 in Long Blades
 22404 | Lair:4   | Reached skill level 5 in Poison Magic
 22840 | Lair:4   | Killed Harold
 23135 | Lair:5   | Noticed a catoblepas
 23653 | Lair:5   | Noticed micr0chasm's ghost (journeyman OpFi)
 23687 | Lair:5   | Killed micr0chasm's ghost
 23747 | Lair:5   | Reached XP level 13. HP: 90/115 MP: 17/24
 24012 | D:8      | Killed ShadedKnight's ghost
 24365 | D:10     | Killed Ruich's ghost
 25924 | Lair:5   | Found a staircase to the Slime Pits.
 26554 | Lair:6   | Entered Level 6 of the Lair of Beasts
 27144 | Lair:6   | Reached skill level 12 in Conjurations
 27679 | Lair:6   | Offered knowledge of Irradiate by Vehumet.
 28829 | Lair:6   | Got a smoking falchion
 28832 | Lair:6   | Identified the +4 falchion of Victory {protect, +Blink rElec} (You found it on level 6 of the Lair of Beasts)
 28986 | Lair:6   | HP: 1/115 [death yak (9)]
 28992 | Lair:6   | HP: 5/115 [catoblepas (12)]
 30549 | Lair:6   | Noticed a dire elephant
 30685 | Lair:6   | Killed a dire elephant
 30896 | Snake:1  | Entered Level 1 of the Snake Pit
 31050 | Shoals:1 | Entered Level 1 of the Shoals
 31299 | Lair:3   | Gained mutation: Your large and strong wings let you fly indefinitely. [Black Draconian growth]
 31299 | Lair:3   | Reached XP level 14. HP: 76/124 MP: 18/27
 32388 | Snake:1  | Identified a scroll of acquirement
 34033 | Snake:1  | Reached skill level 13 in Conjurations
 34879 | Snake:2  | Found Pufath's Assorted Antiques.
 35726 | Snake:1  | HP: 6/124 [poisoned by a naga warrior (splash of poison)]
 36881 | Snake:2  | Reached skill level 10 in Spellcasting
 37419 | Snake:2  | Noticed Aizul
 37928 | D:11     | Found a staircase to the Orcish Mines.
 38275 | D:11     | Found a runed door.
 38282 | D:11     | Found the +2 shield of Resistance {rF+ rC+ MR+}
 38290 | D:11     | Found a runed door.
 38572 | D:11     | Offered knowledge of Ozocubu's Refrigeration by Vehumet.
 40669 | D:13     | Noticed Josephine
 40683 | D:13     | Noticed Nessos
 40719 | D:13     | Killed Nessos
 40727 | D:13     | Shot with an arrow by a centaur warrior

Vault maps used:
D:1:      zelgadis_glass_arrival_small
D:2:      nicolae_overflow_hidden_temple, first_bread
D:3:      nicolae_overflow_crystal_walls, lemuel_crystal_altar
D:4:      lemuel_round_altar, minmay_temple_entry_nine_rooms, uniq_menkaure
D:5:      corexii_shantytown, kennysheep_mini_moat
D:6:      kennysheep_windowed_halls, lemuel_coloured_pillars_altar,
          nicolae_elemental_shop
D:7:      serial_shops, shop, uniq_pikel
D:8:      lemuel_doored_altar, trog_ov_bears_minmay
D:9:      lemuel_crystal_altar, elyvilon_altar_1, david_nohive_1
D:10:     erik_lair_island, basic_altar, item_on_display_a
D:11:     kennysheep_orc_monster_closet_entryway,
          hangedman_decor_clover_reticule, minmay_guarded_unrand_resistance
D:13:     nicolae_trove_entry_crossroad, serial_park_tiny_1, uniq_erolcha,
          uniq_josephine, uniq_maurice, uniq_nessos
D:14:     gammafunk_dig_for_victory, grunt_vaults_entry_fortified, minivault_24
D:15:     grunt_enter_depths_magical_seal
Temple:   dpeg_chambers_temple
Lair:1:   statuecave_lemuel, grunt_megastairs_5, serial_bayou_shore_b,
          infiniplex_staircase_pool, minmay_lair_oklob_chamber
Lair:2:   minivault_24, nicolae_quartered_pool_little, serial_bayou_shore_b,
          lemuel_fruit_fields, lemuel_fruit_fields
Lair:3:   shoals_dummy_entry, uniq_nergalle
Lair:4:   minmay_snake_entry_spellcaster, uniq_urug, uniq_harold
Lair:5:   minmay_slime_entry_oklob_enclosed
Lair:6:   grunt_lair_end_beastmaster, st_stairs_10, grunt_megastairs_3
Shoals:1: portal_ice_cave_entry_dragon
Snake:1:  lemuel_fruit_tree
Snake:2:  serial_shops, nicolae_shop_trees, spider_trap, uniq_aizul

Skill      XL: |  1  2  3  4  5  6  7  8  9 10 11 12 13 14 |
---------------+-------------------------------------------+-----
Conjurations   | 5 6 7 8 9 10 11 12 13 | 13.9
Spellcasting   | 3 4 5 7 9 10 | 10.0
Hexes          | 1 2 |  2.3
Summonings     | 1 2 4 5 6 |  6.5
Air Magic      | 3 4 7 8 9 |  9.9
Dodging        | 2 3 4 6 7 |  7.7
Fighting       | 1 3 5 6 7 8 |  8.0
Ice Magic      | 1 3 |  3.4
Long Blades    | 2 5 7 9 |  9.6
Translocations | 3 4 |  4.2
Poison Magic   | 2 5 7 8 |  8.6
Staves         | |  0.1
Stealth        | |  1.7

Action                   |  1- 3 |  4- 6 |  7- 9 | 10-12 | 13-15 || total
-------------------------+-------+-------+-------+-------+-------++-------
Melee: Whip              |    34 |    52 |   123 |       |       ||   209
       Tailslap          |     3 |     5 |    13 |    11 |    18 ||    50
       Staff             |       |       |    50 |   112 |    15 ||   177
       Long sword        |       |       |       |    39 |    36 ||    75
       Falchion          |       |       |       |       |    82 ||    82
 Cast: Magic Dart        |    52 |   104 |   147 |   137 |    74 ||   514
       Searing Ray       |       |     7 |    70 |   218 |   149 ||   444
       Summon Small Mamm |       |       |     3 |       |       ||     3
       Summon Lightning  |       |       |       |    16 |    43 ||    59
       Dazzling Spray    |       |       |       |     1 |       ||     1
       Poison Arrow      |       |       |       |       |   132 ||   132
       Blink             |       |       |       |       |     4 ||     4
       Throw Frost       |       |       |       |       |     2 ||     2
 Abil: Breathe Lightning |       |       |       |     3 |       ||     3
       Fly               |       |       |       |       |     1 ||     1
Evoke: Lightning rod     |       |       |     1 |       |       ||     1
       Wand              |       |       |       |     8 |     5 ||    13
  Use: Scroll            |     3 |     5 |     7 |    11 |     9 ||    35
       Potion            |       |    11 |       |     1 |     4 ||    16
 Stab: Sleeping          |     1 |     2 |     1 |     1 |     1 ||     6
       Distracted        |       |       |       |       |     1 ||     1
       Invisible         |       |       |       |       |     1 ||     1
  Eat: Chunk             |     1 |    11 |    19 |    39 |    29 ||    99
       Royal jelly       |       |       |       |     1 |     2 ||     3
       Fruit             |       |       |       |     2 |    19 ||    21
       Meat ration       |       |       |       |       |     1 ||     1
Armor: Skin              |    16 |    16 |    87 |   135 |   151 ||   405
Dodge: Dodged            |    30 |    32 |   196 |   687 |   533 ||  1478
Block: Other             |       |     3 |    38 |    82 |    70 ||   193
       Reflection        |       |       |       |     2 |     7 ||     9
       Rpst.: Long sword |       |       |       |    23 |     4 ||    27
       Falchion          |       |       |       |       |    24 ||    24

Table legend:
 A = Spawn XP
 B = Non-spawn XP
 C = Spawn XP percentage of total XP
 D = Spawn monster count
 E = Non-spawn monster count
 F = Spawn count percentage of total count
 G = Total turns spent on level
                    A         B        C        D         E        F      G
               +---------+---------+-------+---------+---------+-------+---------
         Total |       0 |  100676 |   0.0 |       0 |     638 |   0.0 | 40727
               +---------+---------+-------+---------+---------+-------+---------
           D:1 |       0 |      40 |   0.0 |       0 |      21 |   0.0 |   656
           D:2 |       0 |     177 |   0.0 |       0 |      25 |   0.0 |  1195
           D:3 |       0 |     222 |   0.0 |       0 |      33 |   0.0 |  1334
           D:4 |       0 |     289 |   0.0 |       0 |      19 |   0.0 |  1008
           D:5 |       0 |     469 |   0.0 |       0 |      52 |   0.0 |  1988
           D:6 |       0 |    1517 |   0.0 |       0 |      33 |   0.0 |  1440
           D:7 |       0 |    1438 |   0.0 |       0 |      18 |   0.0 |  1518
           D:8 |       0 |    2672 |   0.0 |       0 |      33 |   0.0 |  1769
           D:9 |       0 |    2955 |   0.0 |       0 |      46 |   0.0 |  2950
          D:10 |       0 |    4814 |   0.0 |       0 |      36 |   0.0 |  1672
          D:11 |       0 |    3826 |   0.0 |       0 |      35 |   0.0 |  1188
          D:12 |       0 |    3060 |   0.0 |       0 |      30 |   0.0 |   998
          D:13 |       0 |    5277 |   0.0 |       0 |      27 |   0.0 |  1262
          D:14 |       0 |    1062 |   0.0 |       0 |       5 |   0.0 |   684
          D:15 |       0 |     553 |   0.0 |       0 |       1 |   0.0 |   148
        Lair:1 |       0 |    6592 |   0.0 |       0 |      34 |   0.0 |  1922
        Lair:2 |       0 |    2768 |   0.0 |       0 |      11 |   0.0 |  1453
        Lair:3 |       0 |    6254 |   0.0 |       0 |      20 |   0.0 |  2826
        Lair:4 |       0 |    6958 |   0.0 |       0 |      26 |   0.0 |  2542
        Lair:5 |       0 |    8030 |   0.0 |       0 |      29 |   0.0 |  3193
        Lair:6 |       0 |   16780 |   0.0 |       0 |      57 |   0.0 |  3334
      Shoals:1 |       0 |    2330 |   0.0 |       0 |       5 |   0.0 |    99
       Snake:1 |       0 |   14717 |   0.0 |       0 |      27 |   0.0 |  4551
       Snake:2 |       0 |    7876 |   0.0 |       0 |      15 |   0.0 |   795
               +---------+---------+-------+---------+---------+-------+---------
